 Dungeon Crawl Stone Soup version 0.27.1-2-g3b301248ec (webtiles) character file.

Game seed: 12276087411792289919

2194 Lett1 the Covered (level 9, -12/79 HPs)
             Began as a Minotaur Berserker on Sept 22, 2021.
             Was an Elder of Trog.
             Mangled by an ogre (18 damage)
             ... on level 7 of the Dungeon on Sept 23, 2021.
             The game lasted 00:24:01 (8131 turns).

Lett1 the Covered (Minotaur Berserker)              Turns: 8131, Time: 00:24:01

Health: -12/79     AC:  8    Str: 23    XL:     9   Next: 12%
Magic:  0/8        EV: 11    Int: 10    God:    Trog [****..]
Gold:   326        SH:  0    Dex: 12    Spells: 8/8 levels left

rFire    . . .     SeeInvis .   D - +5 mace
rCold    . . .     Faith    .   (no shield)
rNeg     . . .     Spirit   +   j - +0 scale mail
rPois    .         Reflect  .   (helmet restricted)
rElec    .         Harm     .   (no cloak)
rCorr    .         Rampage  .   (no gloves)
Will     .....                  (no boots)
Stlth    ..........             f - amulet of guardian spirit
HPRegen  0.23/turn              p - +6 ring of intelligence
MPRegen  0.11/turn              (no ring)

@: on berserk cooldown, slowed, very slow
A: horns 2, retaliatory headbutt
a: Renounce Religion, Berserk, Trog's Hand, Brothers in Arms


You were on level 7 of the Dungeon.
You worshipped Trog.
Trog was greatly pleased with you.
You visited 1 branch of the dungeon, and saw 8 of its levels.

You collected 326 gold pieces.

Inventory:

Hand Weapons
 d - a +3 short sword
 h - a +2 trident of holy wrath
 n - a +2 spectral quarterstaff
 o - the +7 shortbow "Heemem" {venom, Fly}
   (You took it off an orc on level 5 of the Dungeon)

   Any ammunition fired from it poisons the flesh of those it strikes.
   Fly:       It grants you flight.
 s - a +2 hand axe of electrocution
 v - a +1 spear of freezing
 D - a +5 mace (weapon)
Missiles
 y - a throwing net (quivered)
Armour
 b - a +0 animal skin
 j - a +0 scale mail (worn)
 k - a +0 leather armour
 q - a scarf of shadows
Jewellery
 f - an amulet of guardian spirit (around neck)
 p - a +6 ring of intelligence (left hand)
Wands
 a - a wand of flame (10)
 x - a wand of paralysis (11)
Scrolls
 c - 5 scrolls of identify
 e - 3 scrolls of magic mapping
 l - a scroll of enchant armour
 t - a scroll of enchant weapon {unknown}
 w - a scroll of fear {unknown}
 B - a scroll of noise {unknown}
 E - a scroll of amnesia {unknown}
 F - a scroll of brand weapon {unknown}
Potions
 g - a potion of attraction
 i - a potion of flight
 r - a potion of might
 u - a potion of brilliance {unknown}
 z - a potion of degeneration {unknown}
 A - 2 potions of lignification
 C - a potion of cancellation {unknown}


   Skills:
 + Level 7.2 Fighting
 + Level 0.5 Short Blades
 + Level 7.2(8.5) Axes
 + Level 1.0(4.6) Maces & Flails
 + Level 6.6(8.1) Polearms
 + Level 7.5 Armour
 + Level 4.7 Dodging
 + Level 2.0 Stealth


You had 8 spell levels left.
You didn't know any spells.
Your spell library was empty.

Dungeon Overview and Level Annotations

Branches:
Dungeon (8/15)
 Temple: D:4-7         Lair: D:8-11

Altars:
Gozag
Makhleb
Okawaru
Uskayaw

Shops:
D:3 *


Innate Abilities, Weirdness & Mutations

You have a pair of horns on your head.
You reflexively headbutt those who attack you in melee.


Message History

The orc warrior hits you from afar with a +0 trident!
Something hits you.
You feel your power leaking away.
An orc comes into view. It is wielding a +0 short sword.
A red film seems to cover your vision as you go berserk!
You feel yourself moving faster!
You feel mighty!
The orc shouts!
The orc warrior barely misses you.
An orc comes into view.
It is wielding a +0 flail and carrying a wand of iceblast (7).
Something hits you but does no damage.
You feel a strong urge to attack something.
The orc shouts!
You hit the bush but do no damage. You headbutt the bush!
The bush is lightly damaged.
The wyvern closely misses you. The orc warrior barely misses you.
The wyvern closely misses you.
You hear some strange, mumbled words.
A puff of flame appears from out of thin air!
The puff of flame hits you.
The orc warrior hits you but does no damage.
You see here a wand of polymorph (6).
You feel a strong urge to attack something.
Something hits you but does no damage. The orc closely misses you.
You furiously retaliate!
You headbutt the orc.
You feel your anger nearly subside.
You are no longer berserk.
You are exhausted.
You feel yourself slow down. The wyvern bites you. The orc closely misses you.
The wyvern bites you!
* * * LOW HITPOINT WARNING * * *
There is a stone staircase leading up, spattered with blood here.
The wyvern misses you. The orc barely misses you. The wyvern bites you!
* * * LOW HITPOINT WARNING * * *
The orc closely misses you.
You climb upwards.
Reactivating autopickup.
The ogre hits you with a +0 giant spiked club.
* * * LOW HITPOINT WARNING * * *
The ogre hits you with a +0 giant spiked club!!
You die...

#..#........#####...#.......##
##........### ###.###......#
#..###....# ##...# #...#..#
#...###..## ###....####.......
..........###....#..# ##......#
...............###..###########
...............####[.#.#
######....###..lo...[..#
.######..## ###O@..##..+
..##.....# ##..###..#
.........### #..# ##[## ##
...#####...### #.##
#..#####.##. .### #......###.#
##..##...... .# ##..........#
##..)....... .## #......#....#
#.....######
..####........#..####.....##
#.)##............#.........#


You could see a wyvern, an ogre and an orc.

Vanquished Creatures
  Edmund (D:6)
  An ice beast (D:5)
  Duvessa (D:6)
  2 sky beasts
  A black bear (D:5)
  An ogre (D:7)
  2 centaurs
  A bullfrog (D:5)
  A scorpion (D:4)
  A wyvern zombie (D:7)
  Dowan (D:6)
  2 water moccasin zombies
  4 wights (D:7)
  A howler monkey (D:6)
  A bullfrog zombie (D:5)
  3 hounds
  A jelly (D:6)
  5 orc priests
  3 centaur skeletons
  3 bullfrog skeletons
  4 iguanas
  4 orc wizards
  3 gnolls (D:3)
  3 adders
  A white imp (D:7)
  An ufetubus (D:7)
  3 worms
  2 dart slugs
  8 orcs
  5 bats
  9 endoplasms
  3 giant cockroaches
  5 goblins
  4 hobgoblins
  3 jackals (D:5)
  4 kobolds (D:1)
  10 quokkas
  6 ball pythons
  3 frilled lizards
  3 rats
120 creatures vanquished.

Notes
Turn   | Place    | Note
-------+----------+-------------------------------------------
     0 | D:1      | Lett1 the Minotaur Berserker began the quest for the Orb.
     0 | D:1      | Reached XP level 1. HP: 19/19 MP: 0/0
   226 | D:1      | Reached XP level 2. HP: 21/27 MP: 1/1
   362 | D:1      | Found a faded altar of an unknown god.
   791 | D:1      | Reached ** piety under Trog
   792 | D:1      | Reached XP level 3. HP: 27/33 MP: 2/2
  2150 | D:3      | Reached XP level 4. HP: 41/41 MP: 3/3
  2228 | D:3      | Reached skill level 5 in Axes
  2228 | D:3      | Reached skill level 1 in Polearms
  2531 | D:3      | Found Fione's Assorted Antiques.
  2566 | D:3      | You fall into a shaft and drop 3 floors!
  2602 | D:6      | Reached XP level 5. HP: 47/47 MP: 4/4
  2623 | D:6      | Noticed a centaur
  2647 | D:7      | HP: 1/47 [scorpion (5)]
  3041 | D:5      | Entered Level 5 of the Dungeon
  3041 | D:5      | Noticed a black bear
  3049 | D:5      | Killed a black bear
  3050 | D:5      | Reached skill level 5 in Fighting
  3050 | D:5      | Reached XP level 6. HP: 46/56 MP: 5/5
  3589 | D:5      | Identified the +7 shortbow "Heemem" {venom, Fly}
  3608 | D:5      | Reached XP level 7. HP: 56/62 MP: 6/6
  3641 | D:5      | Reached *** piety under Trog
  4031 | D:5      | Reached skill level 5 in Polearms
  4812 | D:4      | Reached skill level 1 in Stealth
  5723 | D:4      | Upgraded the game from 0.27.1-1-g398f81649c to
                  | 0.27.1-2-g3b301248ec
  5947 | D:6      | Reached skill level 5 in Armour
  5947 | D:6      | Reached XP level 8. HP: 67/70 MP: 5/7
  6044 | D:6      | Found a hide-covered altar of Uskayaw.
  6054 | D:6      | Found an opulent altar of Gozag.
  6057 | D:6      | Found a burning altar of Makhleb.
  6402 | D:6      | Noticed Edmund
  6412 | D:6      | Killed Edmund
  6412 | D:6      | Reached **** piety under Trog
  6914 | D:6      | Noticed Duvessa
  6924 | D:6      | Killed Duvessa
  6927 | D:6      | Noticed Dowan
  6930 | D:6      | Killed Dowan
  7695 | D:7      | Reached XP level 9. HP: 64/78 MP: 5/8
  8034 | D:7      | Reached skill level 1 in Maces & Flails
  8048 | D:7      | Paralysed by a hornet for 1 turns
  8084 | D:8      | Found an iron altar of Okawaru.
  8131 | D:7      | Mangled by an ogre

Illustrated notes

Levels and vault maps discovered:
D:1:      co_arrival_random_square_maze, layout_loops_cross,
          basic_ecumenical_altar
D:2:      layout_basic
D:3:      layout_loops_ring, serial_shops, nicolae_shop_stone,
          minmay_hedge_maze, minmay_misc_feat_pillars
D:4:      layout_loops_ring, grunt_ministairs_6, minmay_misc_feat_secret_circle,
          hex_large
D:5:      layout_basic, nrook_uturn
D:6:      layout_layer_cave, grunt_temple_overflow_diamond, minmay_liquid_box,
          uniq_duvessa, uniq_edmund
D:7:      layout_layer_cave, minmay_temple_entry_enclosed_plants,
          nicolae_benzene_ring
D:8:      layout_basic, mainiacjoe_overflow_cross_hatched

Skill      XL: |  1  2  3  4  5  6  7  8  9 |
---------------+----------------------------+-----
Fighting       | 4 5 6 7 |  7.2
Axes           | 4 5 7 |  7.2
Polearms       | 1 3 4 6 |  6.6
Armour         | 3 4 5 7 |  7.5
Dodging        | 3 4 |  4.7
Stealth        | 1 2 |  2.0
Maces & Flails | 1 |  1.0
Short Blades   | |  0.5

Action                   |  1- 3 |  4- 6 |  7- 9 || total
-------------------------+-------+-------+-------++-------
Melee: Hand axe          |    34 |       |   124 ||   158
       Headbutt          |     5 |    10 |    45 ||    60
       Short sword       |    13 |       |       ||    13
       Trident           |    27 |    87 |    44 ||   158
       Mace              |       |       |    37 ||    37
Invok: Trog's Hand       |       |       |     3 ||     3
       Berserk           |       |       |     5 ||     5
  Use: Scroll            |     2 |     2 |     3 ||     7
       Potion            |       |     2 |     1 ||     3
 Stab: Sleeping          |     1 |       |       ||     1
Armor: Animal skin       |    11 |       |       ||    11
       Scale mail        |     4 |    24 |    72 ||   100
Dodge: Dodged            |    42 |    43 |    97 ||   182
